 Dungeon Crawl Stone Soup version 0.30-a0-879-ga8ba668304 (webtiles) character file.

Game seed: 6437120514307114535

23 ragingrage the Stinger (level 2, 0/15 HPs)
             Began as a Deep Elf Venom Mage on Mar 12, 2023.
             Constricted to death by a ball python (1 damage)
             ... on level 1 of the Dungeon.
             The game lasted 00:00:41 (474 turns).

ragingrage the Stinger (Deep Elf Venom Mage)         Turns: 474, Time: 00:00:42

Health: 0/15       AC:  2    Str:  5    XL:     2   Next: 72%
Magic:  2/8        EV:  9    Int: 25    God:
Gold:   27         SH:  0    Dex: 15    Spells: 6/7 levels left

rFire   . . .      SeeInvis .    g - +0 dagger
rCold   . . .      Faith    .    (no shield)
rNeg    . . .      Spirit   .    a - +0 robe
rPois   .          Reflect  .    (no helmet)
rElec   .          Rampage  .    (no cloak)
rCorr   .                        (no gloves)
Will    .....                    (no boots)
Stlth   ++                       (no amulet)
HPRegen 0.22/turn                e - +6 ring of intelligence
MPRegen 0.11/turn                (no ring)

@: constricted
A: no striking features
a: no special abilities


You were on level 1 of the Dungeon.
You visited 1 branch of the dungeon, and saw 1 of its levels.

You collected 27 gold pieces.

Inventory:

Hand Weapons
 g - a +0 dagger (weapon)
Armour
 a - a +0 robe (worn)
Jewellery
 e - a +6 ring of intelligence (left hand)
Scrolls
 d - a scroll of summoning {unknown}
Potions
 b - a potion of magic
 f - a potion of mutation {unknown}


   Skills:
 - Level 2.4 Dodging
 + Level 3.2 Stealth
 - Level 3.0 Spellcasting
 + Level 1.9 Transmutations
 + Level 3.7 Poison Magic


You had 6 spell levels left.
You knew the following spells:

 Your Spells              Type           Power      Damage    Failure   Level
a - Sting                 Tmut/Pois      68%        1d6       3%          1

Your spell library contained the following spells:

 Spells                   Type           Power      Damage    Failure   Level
 Poisonous Vapours        Pois/Air       26%        N/A       7%          2
 Mephitic Cloud           Conj/Pois/Air  9%         N/A       19%         3
 Olgreb's Toxic Radiance  Pois           22%        N/A       22%         4


Dungeon Overview and Level Annotations

Branches:
Dungeon (1/15)

Altars:


Message History

You are too injured to fight recklessly!
There are monsters nearby!
You are too injured to fight recklessly!
There are monsters nearby!
You are too injured to fight recklessly!
There are monsters nearby!
You are too injured to fight recklessly!
There are monsters nearby!
Aiming: Sting (safe; 3% risk of failure)
Aim: a hobgoblin (severely wounded, poisoned, 74% to hit)
The sting hits the hobgoblin.
The hobgoblin looks even sicker.
You kill the hobgoblin!
The ball python closely misses you. The ball python barely misses you.
The ball python constricts you.
Aiming: Sting (safe; 3% risk of failure)
Aim: a ball python (71% to hit)
The sting hits the ball python.
The ball python is poisoned.
The ball python bites you. x2
* * * LOW HITPOINT WARNING * * *
The ball python constricts you.
Aiming: Sting (safe; 3% risk of failure)
Aim: a ball python (moderately wounded, poisoned, 71% to hit)
The sting hits the ball python.
The ball python looks even sicker.
The ball python completely misses you. The ball python bites you.
* * * LOW HITPOINT WARNING * * *
The ball python constricts you.
* * * LOW HITPOINT WARNING * * *
Aiming: Sting (safe; 3% risk of failure)
Aim: a ball python (severely wounded, very poisoned, 71% to hit)
The sting hits the ball python.
The ball python looks even sicker.
You kill the ball python!
The ball python barely misses you. The ball python constricts you.
Aiming: Sting (safe; 3% risk of failure)
Aim: a ball python (constricting you, 71% to hit)
The sting hits the ball python.
The ball python is poisoned.
The ball python misses you. The ball python constricts you.
The ball python bites you.
* * * LOW HITPOINT WARNING * * *
The ball python constricts you.
You die...

#..........#.#
.#.............
.............. ..
.#..........# ...
............ ##...
..........# .....
.......S..# .....
.........@..# .....
#...........#
......##...........#
..# #.#...........#
### #.....#.....###
.#.##..#.....#
####.#.##..#†....#
.....#.##........#
...###.#.........#


You could see a ball python (poisoned).

Vanquished Creatures
  2 dart slugs (D:1)
  2 endoplasms (D:1)
  A giant cockroach (D:1)
  2 goblins (D:1)
  4 hobgoblins (D:1)
  A quokka (D:1)
  2 ball pythons (D:1)
  A kobold (D:1)
  A rat (D:1)
16 creatures vanquished.

Notes
Turn   | Place    | Note
-------+----------+-------------------------------------------
     0 | D:1      | ragingrage the Deep Elf Venom Mage began the quest for the
                  | Orb.
     0 | D:1      | Reached XP level 1. HP: 10/10 MP: 6/6
   153 | D:1      | Reached XP level 2. HP: 15/15 MP: 6/8
   474 | D:1      | Constricted to death by a ball python

Illustrated notes

Levels and vault maps discovered:
D:1:      saegor_arrival_simple_a, layout_basic, st_stairs_12

Skill      XL: |  1  2 |
---------------+-------+-----
Stealth        | 3 |  3.2
Dodging        | |  2.4
Spellcasting   | |  3.0
Transmutations | |  1.9
Poison Magic   | |  3.7

Action                     || total
---------------------------++-------
  Melee: Short sword       ||     3
         Dagger            ||     5
   Cast: Sting             ||    35
 Armour: Robe              ||     5
  Dodge: Dodged            ||    18

Table legend: (Time is in decaauts)
 A = Elapsed time spent in this place.
 B = Non-inter-level travel time spent in this place.
 C = Inter-level travel time spent in this place.
 D = Time resting spent in this place.
 E = Time spent auto-exploring this place.
 F = Levels seen in this place.
 G = Mean time per level.
                   A        B        C        D        E       F      G
               +--------+--------+--------+--------+--------+-----+--------+
         Total |    472 |    453 |     19 |     84 |    259 |   1 |  472.0 |
       Dungeon |    472 |    453 |     19 |     84 |    259 |   1 |  472.0 |
               +--------+--------+--------+--------+--------+-----+--------+

Top non-repeatable levels by time:
     D:1: 472 daAuts
